 Dungeon Crawl Stone Soup version 0.27.0-1-g7a089689b8 (webtiles) character file.

Game seed: 11442026487838021498

86 dolemite99 the Grave Robber (level 4, -1/40 HPs)
             Began as a Deep Dwarf Necromancer on Aug 11, 2021.
             Killed by divine providence
             ... invoked by an orc priest
              (11 damage)
             ... on level 3 of the Dungeon.
             The game lasted 00:05:13 (5223 turns).

dolemite99 the Grave Robber (DDNe)                  Turns: 5223, Time: 00:05:13

Health: -1/40      AC:  2    Str: 12    XL:     4   Next: 27%
Magic:  2/6        EV: 12    Int: 16    God:
Gold:   133        SH:  0    Dex: 13    Spells: 1/6 levels left

rFire    . . .     SeeInvis .   c - +0 short sword
rCold    . . .     Faith    .   (no shield)
rNeg     . . .     Spirit   .   a - +0 robe
rPois    .         Reflect  .   (no helmet)
rElec    .         Harm     .   (no cloak)
rCorr    .         Rampage  .   (no gloves)
Will     .....                  (no boots)
Stlth    ++........             o - amulet of magic regeneration
HPRegen  0.00/turn              (no ring)
MPRegen  0.35/turn              (no ring)

@: no status effects
A: damage resistance, heal wounds, sense surroundings 1, no regeneration
a: Heal Wounds


You were on level 3 of the Dungeon.
You visited 1 branch of the dungeon, and saw 3 of its levels.

You collected 133 gold pieces.

Inventory:

Hand Weapons
 c - a +0 short sword (weapon)
 h - a +0 flail
 q - a +0 hunting sling
 r - a +0 whip
Missiles
 d - 43 stones
 m - 19 arrows
 s - 16 bolts
Armour
 a - a +0 robe (worn)
Jewellery
 o - an amulet of magic regeneration (around neck)
Scrolls
 e - 2 scrolls of identify {unknown}
 i - 3 scrolls of enchant armour {unknown}
 k - a scroll of teleportation {unknown}
 l - a scroll of blinking {unknown}
 n - a scroll of amnesia {unknown}
Potions
 b - a potion of degeneration {unknown}
 f - a potion of brilliance {unknown}
 g - a potion of cancellation {unknown}
 j - 3 potions of magic {unknown}
 p - 2 potions of flight {unknown}


   Skills:
 + Level 2.4 Fighting
 - Level 2.1 Dodging
 - Level 2.4 Stealth
 - Level 1.7 Spellcasting
 + Level 5.4 Necromancy


You had one spell level left.
You knew the following spells:

 Your Spells              Type           Power      Damage    Failure   Level
a - Pain                  Necr           72%        1d7       2%          1
b - Vampiric Draining     Necr           9%         2d7       7%          3
c - Animate Skeleton      Necr           36%        N/A       2%          1

Your spell library contained the following spells:

 Spells                   Type           Power      Damage    Failure   Level
 Animate Dead             Necr           9%         N/A       22%         4
 Agony                    Necr           18%        N/A       52%         5
 Ignite Poison            Fire/Tmut/Pois 1%         N/A       54%         3
 Mephitic Cloud           Conj/Pois/Air  1%         N/A       54%         3
 Bolt of Magma            Conj/Fire/Erth 0%         4d4       99%         5


Dungeon Overview and Level Annotations

Branches:
Dungeon (3/15)

Altars:

Annotations:
D:2 exclusion: downstairs


Innate Abilities, Weirdness & Mutations

You are resistant to damage.
You can heal yourself by infusing magical energy.
You passively map a small area around you.
You do not regenerate.


Message History

Casting: Pain (safe; 2% risk of failure)
Confirm with . or Enter, or press ? or * to list all spells.
Aiming: Pain (safe; 2% risk of failure)
Press: ? - help, Shift-Dir - straight line, f/p - orc
Aim: an orc, wielding a +0 whip (lightly wounded, chance to affect: 89%)
The orc writhes in agony.
The orc hits you with a +0 hand axe.
Casting: Pain (safe; 2% risk of failure)
Confirm with . or Enter, or press ? or * to list all spells.
Aiming: Pain (safe; 2% risk of failure)
Press: ? - help, Shift-Dir - straight line, f/p - orc
Aim: an orc, wielding a +0 whip (lightly wounded, chance to affect: 89%)
The orc writhes in agony.
You kill the orc!
The orc hits you with a +0 club.
Casting: Pain (safe; 2% risk of failure)
Confirm with . or Enter, or press ? or * to list all spells.
Aiming: Pain (safe; 2% risk of failure)
Press: ? - help, Shift-Dir - straight line, f/p - orc
Aim: an orc, wielding a +0 whip (lightly wounded, chance to affect: 89%)
The orc writhes in agony.
The orc hits you with a +0 club.
Casting: Pain (safe; 2% risk of failure)
Confirm with . or Enter, or press ? or * to list all spells.
Aiming: Pain (safe; 2% risk of failure)
Press: ? - help, Shift-Dir - straight line, f/p - orc
Aim: an orc, wielding a +0 whip (heavily wounded, chance to affect: 89%)
The orc barely resists.
The orc barely misses you. The orc hits you with a +0 whip.
Casting: Pain (safe; 2% risk of failure)
Confirm with . or Enter, or press ? or * to list all spells.
Aiming: Pain (safe; 2% risk of failure)
Press: ? - help, Shift-Dir - straight line, f/p - orc
Aim: an orc, wielding a +0 whip (heavily wounded, chance to affect: 89%)
The orc writhes in agony.
You kill the orc!
The orc priest invokes the aid of Beogh against you.
Beogh smites you!
* * * LOW HITPOINT WARNING * * *
The orc priest invokes the aid of Beogh against you.
Beogh smites you!
You die...

* * #.o......# #.......#
.......#####.o## #.#####.#
##..... ##o# ###.# ###.#
#.....* #รท# #...# #...#
#..... #.## #.### #.####
##..... #.o# #.# #....#
8#....) * ##.###.# ####.#
#####....#####..##.########.#
......o@ooo.............
....######.##.##..##.### .
#..#.##..##.# ,
###'#........# *
#.....##...### * ,
#..)..##...# , #.....##..##
#.....##..# #.....##..#


You could see 3 orc priests and an orc.

Vanquished Creatures
  2 adders
  A dart slug (D:3)
  3 orcs (D:3)
  6 ball pythons
  5 bats
  5 endoplasms
  2 giant cockroaches
  3 goblins
  2 hobgoblins (D:2)
  9 jackals
  3 quokkas
  4 frilled lizards
  10 kobolds
  7 rats
62 creatures vanquished.

Notes
Turn   | Place    | Note
-------+----------+-------------------------------------------
     0 | D:1      | dolemite99 the Deep Dwarf Necromancer began the quest for
                  | the Orb.
     0 | D:1      | Reached XP level 1. HP: 15/15 MP: 3/3
   580 | D:1      | Reached skill level 1 in Fighting
   580 | D:1      | Reached XP level 2. HP: 21/25 MP: 0/4
  1455 | D:1      | Found a faded altar of an unknown god.
  1458 | D:1      | Reached XP level 3. HP: 24/31 MP: 2/5
  1470 | D:1      | Reached skill level 5 in Necromancy
  2725 | D:2      | Learned a level 3 spell: Vampiric Draining
  2871 | D:2      | Learned a level 1 spell: Animate Skeleton
  4288 | D:3      | Reached XP level 4. HP: 6/39 MP: 4/6
  5223 | D:3      | Killed from afar by an orc priest

Illustrated notes

Levels and vault maps discovered:
D:1:      heliophobic_arrival_ceremonial_halls, layout_rooms,
          dreamdust_ecumenical_altar_angels_and_demons
D:2:      layout_basic, serial_co_window_serial, co_window_corner_a,
          co_window_corner_a, co_window_corner_a, co_window_paths_b,
          co_window_corner_a, co_window_paths_a, co_window_paths_a,
          co_window_broadway_a, co_window_corner_cb, co_window_corner_ca,
          co_window_unsneaky_path_d, co_window_broadway_c, co_window_2corner,
          co_window_paths_d, glass_columns_c, glass_columns_b, glass_columns_b,
          glass_columns_a, glass_columns_a, ebering_dispersal_statue_hall
D:3:      layout_basic, nicolae_overflow_hidden_temple, minmay_cupped

Skill      XL: |  1  2  3 |
---------------+----------+-----
Fighting       | 1 2 |  2.4
Necromancy     | 5 |  5.4
Dodging        | |  2.1
Stealth        | |  2.4
Spellcasting   | |  1.7

Action                   |  1- 3 |  4- 6 || total
-------------------------+-------+-------++-------
Melee: Unarmed           |     1 |       ||     1
       Short sword       |    14 |     9 ||    23
 Cast: Pain              |   100 |    11 ||   111
       Vampiric Draining |       |     6 ||     6
 Abil: Heal Wounds       |       |     1 ||     1
Armor: Robe              |     3 |     2 ||     5
Dodge: Dodged            |    30 |    15 ||    45
